 Dungeon Crawl Stone Soup version 0.17-a0-4-gb793c6d (webtiles) character file.

270 barkface the Poker (level 6, 0/47 HPs)
             Began as a Merfolk Gladiator on Mar 4, 2015.
             Was an Initiate of Okawaru.
             Succumbed to a scorpion's poison
             ... on level 4 of the Dungeon.
             The game lasted 00:05:59 (2817 turns).

barkface the Poker (Merfolk Gladiator)              Turns: 2817, Time: 00:06:00

Health: 0/47       AC:  5    Str: 18    XL:     6   Next: 22%
Magic:  7/7        EV: 14    Int:  7    God:    Okawaru [......]
Gold:   135        SH:  0    Dex: 14    Spells: 0 memorised, 5 levels left

rFire  . . .     SeeInvis .     a - +0 trident
rCold  . . .     Clarity  .     b - +0 leather armour
rNeg   . . .     SustAb   .     (no shield)
rPois  .         Gourm    .     c - +0 helmet
rElec  .         Spirit   .     (no cloak)
rCorr  .         Warding  .     (no gloves)
rMut   .         Stasis   .     (no boots)
MR     .....                    (no amulet)
Stlth  +.........               (no ring)
                                (no ring)

@: lethally poisoned (0 -> -3), not resistant to hostile enchantments, very
unstealthy
A: change form in water, swift swim, icy blue scales 1
a: Renounce Religion


You were on level 4 of the Dungeon.
You worshipped Okawaru.
Okawaru was noncommittal.
You were hungry.

You visited 1 branch of the dungeon, and saw 4 of its levels.

You collected 135 gold pieces.

Inventory:

Hand weapons
 a - a +0 trident (weapon)
Missiles
 d - 3 throwing nets (quivered)
Armour
 b - a +0 leather armour (worn)
 c - a +0 helmet (worn)
Scrolls
 e - a scroll of remove curse
 g - a scroll of recharging
 h - 6 scrolls of identify
 l - a scroll of teleportation
Potions
 p - a potion of flight
Comestibles
 f - 2 bread rations
 n - 8 fruits
 q - a meat ration
 s - a beef jerky
 v - 2 chunks of flesh


   Skills:
 + Level 3.5 Fighting
 + Level 6.3 Polearms
 - Level 2.0 Throwing
 + Level 2.0 Armour
 + Level 5.4 Dodging
 + Level 1.3 Invocations


You had 5 spell levels left.
You didn't know any spells.

Dungeon Overview and Level Annotations

Branches:
Dungeon (4/15)             Temple (0/1) D:4

Altars:
Cheibriados
Dithmenos
Okawaru


Innate Abilities, Weirdness & Mutations

You revert to your normal form in water.
You are very nimble and swift while swimming.
You are partially covered in icy blue scales (AC +1).


Message History

You feel sick.
* * * LOW HITPOINT WARNING * * *
You feel sick.
You offer a prayer to Okawaru.
Okawaru is noncommittal.
* * * LOW HITPOINT WARNING * * *
You feel sick.
* * * LOW HITPOINT WARNING * * *
You feel sick.
Found a stone staircase leading up.
There is a staircase to the Ecumenical Temple here.
* * * LOW HITPOINT WARNING * * *
You feel sick.
Found a hunting sling.
* * * LOW HITPOINT WARNING * * *
You feel sick.
* * * LOW HITPOINT WARNING * * *
You feel sick.
Found a stone staircase leading up.
You die...

............#.#
#....#.#...#.#
#...#.#.#.... .
#..#.#.#.#.# ..
#...#.>.#..##
#.#####..#.#.#.#..#
#.........#.#.#...#
####..#<...#.#....#
#@.#.........).###
#..........###....
...#.....#.......(
...##.....#########
##..####.### <...
.# ##..# #..# ..#


There were no monsters in sight!

Vanquished Creatures
  A scorpion (D:4)
  An orc priest (D:4)
  Natasha (twice) (D:3)
  A worker ant (D:4)
  4 adders (D:2)
  3 worms (D:2)
  6 orcs (D:4)
  5 bats
  7 giant cockroaches
  6 hobgoblins
  12 jackals
  12 kobolds
  A ball python (D:2)
  5 giant geckos
  3 giant newts
  7 goblins
  5 rats
81 creatures vanquished.

Notes
Turn   | Place    | Note
--------------------------------------------------------------
     0 | D:1      | barkface, the Merfolk Gladiator, began the quest for the Orb.
     0 | D:1      | Reached XP level 1. HP: 16/16 MP: 1/1
   347 | D:1      | Reached XP level 2. HP: 23/23 MP: 2/2
   431 | D:1      | Reached skill level 5 in Polearms
   965 | D:2      | Reached XP level 3. HP: 28/28 MP: 3/3
  1106 | D:2      | Reached skill level 1 in Armour
  1367 | D:2      | Reached XP level 4. HP: 34/34 MP: 4/4
  1865 | D:2      | Found a shadowy altar of Dithmenos.
  2111 | D:3      | Reached XP level 5. HP: 41/41 MP: 5/5
  2145 | D:3      | Noticed Natasha
  2153 | D:3      | Killed Natasha
  2153 | D:3      | Reached skill level 5 in Dodging
  2266 | D:3      | Found a snail-covered altar of Cheibriados.
  2299 | D:3      | Found an iron altar of Okawaru.
  2308 | D:3      | Became a worshipper of Warmaster Okawaru
  2580 | D:3      | Noticed Natasha
  2587 | D:3      | Killed Natasha
  2632 | D:3      | Gained mutation: Your muscles are strong. (Str +2) [potion of mutation]
  2632 | D:3      | Lost mutation: Your muscles are strong. (Str +2) [potion of mutation]
  2632 | D:3      | Gained mutation: You are partially covered in icy blue scales (AC +1). [potion of mutation]
  2682 | D:4      | Reached skill level 6 in Polearms
  2691 | D:4      | Reached skill level 1 in Invocations
  2762 | D:4      | Found a staircase to the Ecumenical Temple.
  2782 | D:4      | Reached XP level 6. HP: 36/47 MP: 7/7
  2810 | D:4      | HP: 2/47 [poisoned by a scorpion]
  2815 | D:4      | HP: 1/47 [poisoned by a scorpion]
  2817 | D:4      | Succumbed to a scorpion's poison

Action                   |  1- 3 |  4- 6 || total
-------------------------+-------+-------++-------
Melee: Trident           |   101 |   183 ||   284
  Use: Scroll            |       |    10 ||    10
       Potion            |       |     4 ||     4
 Stab: Sleeping          |       |     3 ||     3
       Invisible         |       |     1 ||     1
  Eat: Chunk             |     1 |     5 ||     6
